 Dungeon Crawl Stone Soup version 0.32-a0-35-gd9ff480968 (webtiles) character file.

Game seed: 12381860420485529164

8 IdlyInterested the Trooper (level 2, -1/24 HPs)
             Began as a Demonspawn Fighter on Jan 22, 2024.
             Slain by a gnoll
             ... wielding a +0 club
              (6 damage)
             ... on level 1 of the Dungeon.
             The game lasted 00:01:28 (362 turns).

IdlyInterested the Trooper (Demonspawn Fighter)      Turns: 362, Time: 00:01:29

Health: -1/24      AC:  6    Str: 16    XL:     2   Next: 0%
Magic:  2/2        EV:  9    Int:  8    God:
Gold:   25         SH:  0    Dex: 12    Spells: 1/1 levels left

rFire   + . .        a - +0 long sword
rCold   . . .        (no shield)
rNeg    . . .        b - +0 scale mail
rPois   .            (no helmet)
rElec   .            (no cloak)
rCorr   .            (no gloves)
SInv    .            (no boots)
Will    .....        (no amulet) Stlth
                     i - ring of protection from fire
HPRegen 0.24/turn    (no ring)
MPRegen 0.08/turn

%: no passive effects
@: no status effects
A: demonic touch 1
a: no special abilities


You were on level 1 of the Dungeon.
You visited 1 branch of the dungeon, and saw 1 of its levels.

You collected 25 gold pieces.

Inventory:

Hand Weapons
 a - a +0 long sword (weapon)
Armour
 b - a +0 scale mail (worn)
 c - a +0 buckler
 h - an orb of light
 k - a +2 hat of see invisible
Jewellery
 i - a ring of protection from fire (left hand)
Scrolls
 f - a scroll of poison {unknown}
 g - a scroll of acquirement {unknown}
 j - a scroll of enchant weapon {unknown}
Potions
 d - a potion of might
 e - 3 potions of brilliance {unknown}


   Skills:
 - Level 3.0 Fighting
 + Level 2.2 Long Blades
 - Level 3.0 Armour
 - Level 2.6 Shields
 + Level 0.0 Unarmed Combat


You had one spell level left.
You didn't know any spells.
Your spell library was empty.

Dungeon Overview and Level Annotations

Branches:
Dungeon (1/15)

Altars:


Innate Abilities, Weirdness & Mutations

Your touch may inflict minor irresistible damage on your foes.


Message History

Found a robe and a glowing hat.
The dart slug briefly extends its eye-stalks.
The dart slug launches a dart at you. The slug dart misses you.
Found 17 gold pieces.
The dart slug bites you but does no damage.
You hit the dart slug.
The dart slug is severely wounded.
The dart slug launches a dart at you. The slug dart hits you.
You hit the dart slug.
You kill the dart slug!
Training target 3.0 for Armour reached!
Your Armour skill increases to level 3!
You have reached level 2!
Your demonic ancestry asserts itself...
Your hands begin to faintly glow with unholy energy.
You start removing your armour.
You continue taking off your orb of light. x4
You finish taking off your orb of light.
e - 3 yellow potions (gained 2)
A gnoll comes into view. It is wielding a +0 club.
Found a gold piece.
The gnoll shouts!
You see here a +2 hat of see invisible.
k - a +2 hat of see invisible You closely miss the gnoll.
The gnoll hits you with a +0 club. x2
You closely miss the gnoll. The gnoll hits you but does no damage.
You hit the gnoll but do no damage. Your touch misses the gnoll.
The gnoll hits you but does no damage.
You closely miss the gnoll. The gnoll hits you with a +0 club.
You hit the gnoll but do no damage. The gnoll barely misses you.
The gnoll closely misses you.
You closely miss the gnoll. The gnoll hits you with a +0 club!
You barely miss the gnoll. The gnoll hits you with a +0 club.
* * * LOW HITPOINT WARNING * * *
You hit the gnoll.
The gnoll is lightly wounded.
The gnoll hits you with a +0 club.
You die...

.......
#########........$#.####
..$.....#......^....##..
...................##.##
..................##.##
...........[......##.#
..................#.####
..................#.#..#
.......@..........#.'..+
.......g.......####.#..#
.PPPPP..[......# #.####
.....PP........#####.#
P.P...P........#..>#.##
..PPP..............##.##
P.P..P..............##..
.PP.PPP..............###
P..................


You could see a gnoll.

Vanquished Creatures
  A dart slug (D:1)
  A giant cockroach (D:1)
  A hobgoblin (D:1)
  2 frilled lizards (D:1)
  A goblin (D:1)
  A rat (D:1)
7 creatures vanquished.

Notes
Turn   | Place    | Note
-------+----------+-------------------------------------------
     0 | D:1      | IdlyInterested the Demonspawn Fighter began the quest for
                  | the Orb.
     0 | D:1      | Reached XP level 1. HP: 18/18 MP: 1/1
   336 | D:1      | Gained mutation: Your touch may inflict minor irresistible
                  | damage on your foes. [demonic ancestry]
   336 | D:1      | Reached XP level 2. HP: 22/24 MP: 2/2
   362 | D:1      | Slain by a gnoll

Illustrated notes

Levels and vault maps discovered:
D:1:      dpeg_arrival_yet_another_circle, layout_rooms, minmay_misc_feat_tower,
          chequers_garden, nicolae_grassy_gnolls

Skill      XL: |  1 |
---------------+----+-----
Long Blades    | 2 |  2.2
Armour         | 3 |  3.0
Fighting       | |  3.0
Shields        | |  2.6

Action                     || total
---------------------------++-------
  Melee: Long sword        ||    22
 Armour: Scale mail        ||    19
  Dodge: Dodged            ||    11

Table legend: (Time is in decaauts)
 A = Elapsed time spent in this place.
 B = Non-inter-level travel time spent in this place.
 C = Inter-level travel time spent in this place.
 D = Time resting spent in this place.
 E = Time spent auto-exploring this place.
 F = Levels seen in this place.
 G = Mean time per level.
                   A        B        C        D        E       F      G
               +--------+--------+--------+--------+--------+-----+--------+
         Total |    367 |    346 |     21 |      0 |    238 |   1 |  367.0 |
       Dungeon |    367 |    346 |     21 |      0 |    238 |   1 |  367.0 |
               +--------+--------+--------+--------+--------+-----+--------+

Top non-repeatable levels by time:
     D:1: 367 daAuts
